 Dungeon Sprint DCSS version 0.28.0 (webtiles) character file.

Game seed: 12796661779242820282

224 rocky1 the Blocker (level 5, -2/45 HPs)
             Began as a Minotaur Fighter on Feb 10, 2022.
             Slain by a human (12 damage)
             ... in the Dungeon (Sprint III: "The Ten Rune Challenge").
             The game lasted 00:01:56 (474 turns).

rocky1 the Blocker (Minotaur Fighter)                Turns: 474, Time: 00:01:57

Health: -2/45      AC:  6    Str: 23    XL:     5   Next: 67%
Magic:  4/4        EV:  9    Int:  5    God:
Gold:   18         SH:  6    Dex:  9    Spells: 4/4 levels left

rFire   . . .      SeeInvis .   a - +0 long sword
rCold   . . .      Faith    .   c - +0 buckler
rNeg    . . .      Spirit   .   b - +0 scale mail
rPois   .          Reflect  .   (helmet restricted)
rElec   .          Harm     .   (no cloak)
rCorr   .          Rampage  .   (no gloves)
Will    .....      NoTele   +   (no boots)
Stlth   ..........              (no amulet)
HPRegen 0.15/turn               (no ring)
MPRegen 0.09/turn               (no ring)

@: no status effects
A: horns 2, retaliatory headbutt
a: no special abilities


You were in the Dungeon.
You visited 1 branch You collected 18 gold pieces.

Inventory:

Hand Weapons
 a - a +0 long sword (weapon)
Armour
 b - a +0 scale mail (worn)
 c - a +0 buckler (worn)
Scrolls
 j - a scroll of blinking
 k - a scroll of torment {unknown}
 l - 3 scrolls of identify
 n - a scroll of holy word {unknown}
Potions
 d - a potion of might
 e - a potion of curing
 g - a potion of haste
 h - 2 potions of magic
 m - 4 potions of flight
 o - 5 potions of mutation


   Skills:
 - Level 3.6 Fighting
 + Level 10.3 Long Blades
 - Level 3.6 Armour
 + Level 10.6 Shields


You had 4 spell levels left.
You didn't know any spells.
Your spell library contained the following spells:

 Spells                   Type           Power      Damage    Failure   Level
 Tukima's Dance           Hex            0%         N/A       99%         3
 Anguish                  Hex/Necr       0%         N/A       100%        4
 Enfeeble                 Hex            0%         N/A       100%        7


Dungeon Overview and Level Annotations

Branches:
Dungeon (1/1)

Altars:
Okawaru
Trog
Uskayaw
Wu Jian
Beogh


Innate Abilities, Weirdness & Mutations

You have a pair of horns on your head.
You reflexively headbutt those who attack you in melee.


Message History

The human is severely wounded.
The human drinks a potion.
The human goes berserk!
The human barely misses you. You furiously retaliate!
You headbutt the human. You completely miss the human.
The human is almost dead.
You block the human's attack.
You barely miss the human.
The human is almost dead.
The human completely misses you. The human hits you.
You miss the human.
The human is almost dead.
The human misses you.
You miss the human.
The human is almost dead.
The human hits you!
* * * LOW HITPOINT WARNING * * *
You feel much better. The human barely misses you.
You miss the human.
The human is almost dead.
The human hits you.
You miss the human. You headbutt the human.
You kill the human!
Your Long Blades skill gained 3 levels and is now at level 10!
Your Shields skill gained 2 levels and is now at level 10!
You have reached level 5!
Unknown command.
Okay, then.
You miss the human. The human closely misses you.
The human hits you with a +0 club!
You closely miss the human.
You headbutt the human, but do no damage.
The human hits you with a +0 club.
You closely miss the human. The human hits you with a +0 club!
* * * LOW HITPOINT WARNING * * *
The human closely misses you.
You miss the human. Your headbutt misses the human.
You block the human's attack.
You miss the human. Your headbutt misses the human.
The human hits you with a +0 club!
You die...

▓▓▓▓▓▓▓▓▓▓▓ ▓▓▓ <.#..'....♣♣♣
♣@# ##### ..#..#....♣.♣ ♣♣p#
#___# #'####....♣.♣ ♣..# #__.
.†...#....≈.♣♣♣..###+#'###+##
.....#...≈≈♣.♣.♣.#..........#
.....#..≈≈≈≈♣.♣♣.'.p........#
####'#..≈≈≈≈≈≈.♣.#...######+#
)..††#.≈≈≈≈≈≈....#.⌠.#
.....#.≈≈≈≈≈.....#...#


You could see a human (berserk).

Vanquished Creatures
  A water elemental (D)
  2 humans (D)
  A phantom (D)
  An endoplasm (D)
  3 rats (D)
8 creatures vanquished.

Notes
Turn   | Place    | Note
-------+----------+-------------------------------------------
     0 | D        | rocky1 the Minotaur Fighter began the quest for the Orb.
     0 | D        | Reached XP level 1. HP: 19/19 MP: 0/0
    90 | D        | Reached skill level 5 in Long Blades
    90 | D        | Reached skill level 5 in Shields
    90 | D        | Reached XP level 2. HP: 24/26 MP: 1/1
   239 | D        | Noticed a water elemental
   244 | D        | Killed a water elemental
   245 | D        | Reached XP level 3. HP: 15/31 MP: 2/2
   245 | D        | Reached XP level 4. HP: 19/39 MP: 3/3
   439 | D        | Found a hide-covered altar of Uskayaw.
   439 | D        | Found an iron altar of Okawaru.
   439 | D        | Found a bloodstained altar of Trog.
   439 | D        | Found an ornate altar of the Wu Jian Council.
   439 | D        | Noticed a human
   440 | D        | Noticed a human
   469 | D        | Killed a human
   470 | D        | Reached skill level 10 in Long Blades
   470 | D        | Reached skill level 10 in Shields
   470 | D        | Reached XP level 5. HP: 32/45 MP: 4/4
   474 | D        | Slain by a human

Illustrated notes

Levels and vault maps discovered:
D:        dungeon_sprint_mu [sprint_mu_entry_forest, sprint_mu_temple_rooms,
          sprint_mu_d1_horrors, sprint_mu_d2_genie, sprint_mu_d3_branching,
          sprint_mu_orc_legion, sprint_mu_elf_gauntlet, sprint_mu_hive_nellie,
          sprint_mu_lair_fedhas, sprint_mu_vaults_butterflies,
          sprint_mu_slime_circle, sprint_mu_shoals_archi,
          sprint_mu_snake_twists, sprint_mu_blade_basic,
          sprint_mu_crypt_fortress, sprint_mu_tomb_spiral,
          sprint_mu_vestibule_basic, sprint_mu_gehenna_hellfire,
          sprint_mu_dis_giant, sprint_mu_tartarus_statrot,
          sprint_mu_cocytus_islands, sprint_mu_zot1]

Skill      XL: |  1  2  3  4 |
---------------+-------------+-----
Long Blades    | 5 7 10 | 10.3
Shields        | 5 8 10 | 10.6
Fighting       | |  3.6
Armour         | |  3.6

Action                   |  1- 3 |  4- 6 || total
-------------------------+-------+-------++-------
Melee: Long sword        |    22 |    23 ||    45
       Headbutt          |     1 |     3 ||     4
  Use: Potion            |     1 |     1 ||     2
Armor: Scale mail        |     7 |     5 ||    12
Dodge: Dodged            |     5 |     8 ||    13
Block: Buckler           |     1 |     3 ||     4
